Map: Beckett Industries LE

Players

Ðøxxëñ

  • Race: Protoss Protoss
  • League: Platinum

papaya - Winner!

  • Race: Terran Terran

VOD

Have the link to the VOD?

Description

PunOko

Time

  • Played on: April 11, 2021, 7:20 a.m.
  • Length: 2:31
Show
View Real Time Build Order
Export as new Build Order

Ðøxxëñ Protoss 

Build Orders:  

Get SALT Encoding   

  12  0:14  Pylon  
  12  0:17  Probe  
  13  0:29  Probe  
  14  0:36  Gateway  
  14  0:41  Probe  
  15  0:48  Assimilator  
  15  0:52  Assimilator  
  15  0:54  Probe  
  16  1:19  Probe (Chrono Boost)  
  17  1:27  Cybernetics Core  
  17  1:29  Probe (Chrono Boost)  
  18  1:34  Probe (Chrono Boost)  
  19  1:44  Pylon  
  19  1:45  Probe  
Show
View Real Time Build Order
Export as new Build Order

papaya Terran - Winner!

Build Orders: Command Center First (CC) 

Get SALT Encoding   

  12  0:00  SCV  
  13  0:12  SCV  
  14  0:16  Refinery  
  14  0:24  SCV  
  14  0:25  Supply Depot  
  15  0:46  SCV  
  16  0:58  SCV  
  16  1:02  Engineering Bay  
  17  1:10  SCV  
  18  1:34  Command Center  
  18  1:37  Supply Depot  
  18  1:50  Refinery  
  18  1:51  Refinery  
  18  1:54  Barracks  
  18  2:05  Supply Depot  
Tags
 
Add a new tag
Caveats
  • Supply blocks, unpowered buildings, or Contaminate may cause inaccurate times.
  • Supply counts are checked every 10 seconds.